 Dungeon Crawl Stone Soup version 0.30-a0-596-g0af90f9a20 (webtiles) character file.

Game seed: 10631666369776321288

25 spardeous the Ducker (level 2, 0/11 HPs)
             Began as a Felid Earth Elementalist on Jan 7, 2023.
             Slain by an adder (2 damage)
             ... on level 2 of the Dungeon.
             The game lasted 00:00:40 (794 turns).

spardeous the Ducker (Felid Earth Elementalist)      Turns: 794, Time: 00:00:40

Health: 0/11       AC:  1    Str:  4    XL:     2   Next: 86%
Magic:  1/6        EV: 18    Int: 16    God:
Gold:   65         SH:  0    Dex: 16    Spells: 4/5 levels left
                                        Lives:  0   Deaths: 0

rFire   . . .      SeeInvis +    (weapon unavailable)
rCold   . . .      Faith    .    (shield unavailable)
rNeg    . . .      Spirit   .    (body armour unavailable)
rPois   .          Reflect  .    (helmet unavailable)
rElec   .          Harm     .    (cloak unavailable)
rCorr   .          Rampage  .    (gloves unavailable)
Will    .....                    (boots unavailable)
Stlth   ++                       (no amulet)
HPRegen 0.21/turn                (no ring)
MPRegen 0.10/turn                (no ring)

@: lethally poisoned (0 -> 0), quick
A: very small, claws 1, fangs 3, see invisible, speed 1, shaggy fur 1, stealthy
paws, no weapons or thrown items, no armour, multi-lived
a: no special abilities


You were on level 2 of the Dungeon.
You visited 1 branch of the dungeon, and saw 2 of its levels.

You collected 65 gold pieces.

Inventory:

Scrolls
 c - a scroll of enchant weapon {unknown}
 d - a scroll of identify {unknown}
Potions
 a - a potion of magic
 b - a potion of berserk rage {unknown}


   Skills:
 + Level 3.4 Dodging
 - Level 2.6 Stealth
 + Level 2.4 Spellcasting
 - Level 1.1 Transmutations
 + Level 3.1 Earth Magic


You had 4 spell levels left.
You knew the following spells:

 Your Spells              Type           Power      Damage    Failure   Level
a - Sandblast             Erth           22%        2d7       5%          1

Your spell library contained the following spells:

 Spells                   Type           Power      Damage    Failure   Level
 Passwall                 Tmut/Erth      6%         N/A       13%         2
 Necrotise                Necr           4%         1d4       21%         1
 Stone Arrow              Conj/Erth      12%        3d7       30%         3
 Vampiric Draining        Necr           1%         2d6       52%         3
 Petrify                  Tmut/Erth      8%         N/A       63%         4
 Agony                    Necr           1%         N/A       99%         5


Dungeon Overview and Level Annotations

Branches:
Dungeon (2/15)

Altars:


Innate Abilities, Weirdness & Mutations

You have sharp claws.
You have razor-sharp teeth.
You have supernaturally acute eyesight. (SInv)
You cover ground quickly. (Speed+)
You are covered in fur. (AC +1)
Your paws help you pounce on unaware monsters.
You are incapable of wielding weapons or throwing items.
You cannot wear armour.
You gain extra lives every three experience levels.


Message History

The blast of sand hits the hobgoblin.
The hobgoblin is severely wounded.
The adder hisses angrily.
Casting: Sandblast (safe; 5% risk of failure)
Confirm with . or Enter, or press ? or * to list all spells.
Aiming: Sandblast (safe; 5% risk of failure)
Press: ? - help, Shift-Dir - straight line, f/p - hobgoblin
Aim: a hobgoblin (heavily wounded, 82% to hit)
The blast of sand misses the hobgoblin.
The adder closely misses you. The hobgoblin misses you.
Casting: Sandblast (safe; 5% risk of failure)
Confirm with . or Enter, or press ? or * to list all spells.
Aiming: Sandblast (safe; 5% risk of failure)
Press: ? - help, Shift-Dir - straight line, f/p - hobgoblin
Aim: a hobgoblin (heavily wounded, 82% to hit)
The blast of sand hits the hobgoblin.
The hobgoblin is severely wounded.
The adder bites you. The hobgoblin hits you. The adder misses you.
The hobgoblin closely misses you.
Casting: Sandblast (safe; 5% risk of failure)
Confirm with . or Enter, or press ? or * to list all spells.
Aiming: Sandblast (safe; 5% risk of failure)
Press: ? - help, Shift-Dir - straight line, f/p - hobgoblin
Aim: a hobgoblin (severely wounded, 82% to hit)
The blast of sand hits the hobgoblin.
You kill the hobgoblin!
The adder misses you. x2
The adder attacks as you move away! The adder bites you.
You are poisoned.
The adder poisons you!
You feel sick.
Casting: Sandblast (safe; 5% risk of failure)
Confirm with . or Enter, or press ? or * to list all spells.
Aiming: Sandblast (safe; 5% risk of failure)
Press: ? - help, Shift-Dir - straight line, f - adder
Aim: an adder (70% to hit)
The blast of sand hits the adder!
The adder is almost dead.
* * * LOW HITPOINT WARNING * * *
You feel sick. The adder barely misses you. The adder bites you.
You die...

###.# ##.#.#####
##..#......
##...'..####
#####+####....#.##
##!#.....#.†...#.#
##..#.....#....##.#
#..†'...).'...###.#
#....#S@[..#..####.#
#.....#.....#.###.#.#
#..).####+######..#.#
+...# ##...'.# #..#
##..†.#.# #.#
##.....#.# ##
##.....##.#
#..†..###..#
##+#######'#####..#


You could see an adder.

Vanquished Creatures
  An adder (D:2)
  A dart slug (D:2)
  2 ball pythons (D:2)
  A bat (D:1)
  2 endoplasms
  3 goblins (D:1)
  A hobgoblin (D:2)
  A frilled lizard (D:2)
  A rat (D:2)
13 creatures vanquished.

Notes
Turn   | Place    | Note
-------+----------+-------------------------------------------
     0 | D:1      | spardeous the Felid Earth Elementalist began the quest for
                  | the Orb.
     0 | D:1      | Reached XP level 1. HP: 7/7 MP: 4/4
   632 | D:2      | Reached XP level 2. HP: 11/11 MP: 3/6
   794 | D:2      | Slain by an adder

Illustrated notes

Levels and vault maps discovered:
D:1:      minmay_arrival_nine_rooms, layout_basic
D:2:      layout_loops_ring, basic_altar, shapermc_ecumenical_altar_petra,
          minmay_quadrilaterals

Skill      XL: |  1 |
---------------+----+-----
Dodging        | 3 |  3.4
Earth Magic    | 3 |  3.1
Stealth        | |  2.6
Spellcasting   | |  2.4
Transmutations | |  1.1

Action                   || total
-------------------------++-------
 Cast: Sandblast         ||    21
Dodge: Dodged            ||     8

Table legend: (Time is in decaauts)
 A = Elapsed time spent in this place.
 B = Non-inter-level travel time spent in this place.
 C = Inter-level travel time spent in this place.
 D = Time resting spent in this place.
 E = Time spent auto-exploring this place.
 F = Levels seen in this place.
 G = Mean time per level.
                   A        B        C        D        E       F      G
               +--------+--------+--------+--------+--------+-----+--------+
         Total |    682 |    679 |      3 |      0 |    607 |   2 |  341.0 |
       Dungeon |    682 |    679 |      3 |      0 |    607 |   2 |  341.0 |
               +--------+--------+--------+--------+--------+-----+--------+

Top non-repeatable levels by time:
     D:1: 484 daAuts
     D:2: 197 daAuts
